[Event "Titled Tuesday Blitz February 22 Early 2022"]
[White "Van Foreest, Jorden"]
[Black "Vidit, Santosh Gujrathi"]
[WhiteFideId "1039784"]
[BlackFideId "5029465"]
[WhiteElo "2609"]
[BlackElo "2654"]
[Result "0-1"]
[Round "11"]
[TimeControl "180+1"]
[Date "2022.02.22"]
[WhiteClock "0:00:06"]
[BlackClock "0:00:24"]

1. e4 e5 2. Nf3 Nc6 3. Bb5 a6 4. Bxc6 dxc6 5. d3 Bd6 6. Nbd2 Be6 7. b3 Qe7 8. Nc4 f6 9. Nxd6+ Qxd6 10. a4 a5 11. O-O c5 12. Nd2 Ne7 13. Nc4 Qd7 14. Be3 b6 15. f4 exf4 16. Rxf4 Nc6 17. Qh5+ Bf7 18. Qf3 O-O-O 19. Qf2 Kb8 20. Na3 Rhe8 21. Nb5 Nb4 22. Rh4 h6 23. Rf1 Be6 24. h3 Kb7 25. Rh5 Qf7 26. Bxc5 Qxh5 27. Be3 Bd7 28. Na3 Qe5 29. Nc4 Qe6 30. Bf4 Bc8 31. Kh1 Re7 32. Bh2 f5 33. Bg1 fxe4 34. dxe4 Kb8 35. Re1 Ba6 36. Na3 Rf7 37. Qg3 Kb7 38. Qe3 Rdf8 39. c3 Nd3 40. Rd1 Nf2+ 0-1


[Site "https://www.chess.com"]

[Event "Titled Tuesday Blitz February 22 Early 2022"]
[White "Van den Dikkenberg, Erik"]
[Black "Jakubowska, Anna"]
[WhiteFideId "1005880"]
[BlackFideId "1121952"]
[WhiteElo "2118"]
[BlackElo "1924"]
[Result "1/2-1/2"]
[Round "11"]
[TimeControl "180+1"]
[Date "2022.02.22"]
[WhiteClock "0:01:01"]
[BlackClock "0:01:00"]

1. e4 Nf6 2. e5 Nd5 3. Qf3 e6 4. Nc3 Nxc3 5. bxc3 d6 6. d4 dxe5 7. dxe5 Be7 8. Bf4 O-O 9. Bd3 Qd5 10. Be4 Qc5 11. Ne2 Nc6 12. Bxc6 bxc6 13. O-O Ba6 14. Rfe1 Rfd8 15. Nd4 Rd5 16. Rab1 Rad8 17. h3 Qc4 18. Rb2 c5 19. Nc6 Bh4 20. Nxd8 Bxd8 21. Rb8 h6 22. Rd1 Rxd1+ 23. Qxd1 Qxf4 24. Qxd8+ Kh7 25. Qxc7 Qc1+ 26. Kh2 Qf4+ 27. Kg1 Qc1+ 28. Kh2 Qf4+ 29. Kg1 1/2-1/2


[Site "https://www.chess.com"]

[Event "Titled Tuesday Blitz February 22 Early 2022"]
[White "Vifleemskaia, Svetlana"]
[Black "Politov, Pavel Y."]
[WhiteFideId "4129490"]
[BlackFideId "24110515"]
[WhiteElo "1901"]
[BlackElo "2090"]
[Result "1-0"]
[Round "11"]
[TimeControl "180+1"]
[Date "2022.02.22"]
[WhiteClock "0:00:08"]
[BlackClock "0:00:15"]

1. d4 d5 2. c4 dxc4 3. Nf3 Nf6 4. e3 e6 5. Bxc4 c5 6. O-O a6 7. a4 Nc6 8. Qe2 Qc7 9. Nc3 Be7 10. d5 exd5 11. Nxd5 Nxd5 12. Bxd5 O-O 13. h3 Nb4 14. Bc4 Bf6 15. e4 Nc6 16. Be3 b6 17. Rfd1 Bb7 18. Bd5 Rad8 19. Rac1 Nb4 20. Bxb7 Qxb7 21. e5 Be7 22. Bf4 Qc6 23. b3 Qe6 24. Qe3 Rxd1+ 25. Rxd1 Nd5 26. Qd2 Nxf4 27. Qxf4 Qxb3 28. Rd7 Qe6 29. Ra7 b5 30. a5 b4 31. Rb7 Re8 32. Rb6 Qd5 33. Rxa6 b3 34. Rb6 Bd8 35. Rb8 Qe6 36. Qa4 c4 37. a6 b2 38. Rxb2 Bc7 39. a7 Ra8 40. Rc2 Bb6 41. Qxc4 Qxc4 42. Rxc4 Bxa7 43. Rc2 Bb8 44. g3 Ba7 45. Kg2 Re8 46. Re2 Bb8 47. Re4 g6 48. g4 f5 49. gxf5 gxf5 50. Rf4 Bxe5 51. Rxf5 Bg7 52. Rg5 Rf8 53. Rg4 Kh8 54. Nh4 Rg8 55. Nf5 Bf8 56. Rxg8+ Kxg8 57. Kg3 Kf7 58. Kg4 Kf6 59. h4 h5+ 60. Kf4 Bb4 61. f3 Bd2+ 62. Ke4 Be1 63. Kf4 Bd2+ 64. Ke4 Be1 65. f4 Bf2 66. Nd6 Bxh4 67. Nf5 Bf2 68. Ne3 h4 69. Ng4+ Kg6 70. Nxf2 Kh5 71. Kf3 Kg6 72. Kg4 Kf6 73. Kxh4 Kf5 74. Kg3 Kg6 75. Kg4 Kf6 76. f5 Kf7 77. Ne4 Kg7 78. Kg5 Kf7 79. f6 Kf8 80. Kg6 Kg8 81. f7+ Kf8 82. Ng5 Ke7 83. Kg7 Kd6 84. f8=Q+ Ke5 85. Qe7+ Kd5 86. Kf6 Kc4 87. Ke5 Kb3 88. Kd4 Ka2 89. Qb7 Ka1 90. Kc3 Ka2 91. Qb2# 1-0


[Site "https://www.chess.com"]

[Event "Titled Tuesday Blitz February 22 Early 2022"]
[White "Vine, Elzbieta"]
[Black "Viskelis, Darius"]
[WhiteFideId "1119320"]
[BlackFideId "12800830"]
[WhiteElo "1883"]
[BlackElo "1999"]
[Result "0-1"]
[Round "11"]
[TimeControl "180+1"]
[Date "2022.02.22"]
[WhiteClock "0:00:05"]
[BlackClock "0:02:13"]

1. e4 d5 2. exd5 c6 3. dxc6 e5 4. Nc3 Nxc6 5. Bc4 Bc5 6. Ne4 Bb6 7. Nf3 Nf6 8. Qe2 O-O 9. d3 Bg4 10. Bg5 Nd4 11. Qd2 Bxf3 12. Bxf6 gxf6 13. Qh6 Bxe4 14. dxe4 Nxc2+ 15. Ke2 Nxa1 16. Rd1 Bd4 17. Rxa1 Rc8 18. Bb3 Rc6 19. Rd1 f5 20. Qh5 fxe4 21. f3 Rg6 22. g4 exf3+ 23. Kxf3 Qf6+ 24. Kg3 Qf2+ 25. Kh3 Qf3+ 26. Kh4 Bf2# 0-1


[Site "https://www.chess.com"]

[Event "Titled Tuesday Blitz February 22 Early 2022"]
[White "Voege, Tobias"]
[Black "Langner, Ladislav"]
[WhiteFideId "1270513"]
[BlackFideId "300403"]
[WhiteElo "2335"]
[BlackElo "2346"]
[Result "0-1"]
[Round "11"]
[TimeControl "180+1"]
[Date "2022.02.22"]
[WhiteClock "0:00:15"]
[BlackClock "0:01:04"]

1. d4 Nf6 2. c4 c5 3. d5 e5 4. b3 d6 5. Bb2 Be7 6. e3 Nbd7 7. Bd3 Nf8 8. Qc2 Ng6 9. Ne2 a6 10. a4 Bd7 11. Nd2 b5 12. axb5 axb5 13. O-O b4 14. f4 exf4 15. exf4 O-O 16. Ng3 Rxa1 17. Bxa1 Ng4 18. Bxg6 hxg6 19. Qd3 Bf6 20. h3 Bxa1 21. Rxa1 Nh6 22. Nde4 Nf5 23. Nxf5 Bxf5 24. g4 Bxe4 25. Qxe4 Re8 26. Qf3 Qf6 27. Rf1 Qd4+ 28. Qf2 Re3 29. Kh2 Qd3 30. Re1 Rxh3+ 31. Kg2 Qxb3 32. Re8+ Kh7 33. f5 Rh6 34. f6 Qh3+ 35. Kg1 Qh1# 0-1


[Site "https://www.chess.com"]

[Event "Titled Tuesday Blitz February 22 Early 2022"]
[White "Vokhidov, Shamsiddin"]
[Black "Abdisalimov, Abdimalik"]
[WhiteFideId "14204223"]
[BlackFideId "14206323"]
[WhiteElo "2611"]
[BlackElo "2401"]
[Result "1/2-1/2"]
[Round "11"]
[TimeControl "180+1"]
[Date "2022.02.22"]
[WhiteClock "0:00:16"]
[BlackClock "0:00:22"]

1. e4 e5 2. Nf3 Nc6 3. Bb5 Nf6 4. d3 Bc5 5. Bxc6 dxc6 6. Nbd2 Be6 7. Nb3 Bb6 8. Nxe5 Bxb3 9. axb3 Qd4 10. Ng4 Nxg4 11. Qxg4 Qxf2+ 12. Kd1 f5 13. Qxf5 Qxg2 14. Rf1 Qg6 15. Bg5 Qxf5 16. Rxf5 Rf8 17. Rxf8+ Kxf8 18. Ke2 Kg8 19. c3 a5 20. d4 Rf8 21. Rg1 c5 22. Be3 cxd4 23. cxd4 c6 24. d5 Bc7 25. Bd4 g6 26. dxc6 bxc6 27. Rc1 Bxh2 28. Rxc6 g5 29. Rc5 Bf4 30. Rxa5 h5 31. Be3 Kh7 32. Bxf4 Rxf4 33. Rxg5 Rxe4+ 34. Kd3 Rh4 35. Kc3 Kh6 36. Rg1 Rh3+ 37. Kc4 Rh4+ 38. Kc5 Rh2 39. b4 Rxb2 40. b5 h4 41. b6 h3 42. Kc6 Kh5 43. b7 Kh4 44. Kc7 Rxb7+ 45. Kxb7 h2 46. Rh1 Kh3 47. Kc6 Kg2 48. Rxh2+ Kxh2 1/2-1/2


[Site "https://www.chess.com"]

[Event "Titled Tuesday Blitz February 22 Early 2022"]
[White "Von Buelow, Georg"]
[Black "Tsatsalashvili, Keti"]
[WhiteFideId "4620658"]
[BlackFideId "13603434"]
[WhiteElo "2212"]
[BlackElo "2246"]
[Result "0-1"]
[Round "11"]
[TimeControl "180+1"]
[Date "2022.02.22"]
[WhiteClock "0:01:18"]
[BlackClock "0:00:21"]

1. e4 c5 2. Nf3 d6 3. d4 cxd4 4. Nxd4 Nf6 5. Nc3 Nc6 6. Bg5 e6 7. Qd2 a6 8. O-O-O Bd7 9. f4 Nxd4 10. Qxd4 Qc7 11. e5 dxe5 12. fxe5 Bc5 13. Qf4 Nh5 14. Qh4 Qxe5 15. Kb1 h6 16. Bc1 Be7 17. Qg4 Bc6 18. Be2 g6 19. Rhe1 Qg7 20. Bf3 O-O 21. Bxc6 bxc6 22. Rd7 Nf6 23. Rxe7 Nxg4 24. Rxf7 Qxf7 25. Bxh6 Nxh6 26. Nd5 cxd5 27. Rxe6 Qf1+ 28. Re1 Qxe1# 0-1


[Site "https://www.chess.com"]

[Event "Titled Tuesday Blitz February 22 Early 2022"]
[White "Vusatiuk, Vladimir"]
[Black "Fathy, Elameir"]
[WhiteFideId "14118610"]
[BlackFideId "10600396"]
[WhiteElo "2157"]
[BlackElo "2311"]
[Result "0-1"]
[Round "11"]
[TimeControl "180+1"]
[Date "2022.02.22"]
[WhiteClock "0:00:03"]
[BlackClock "0:00:12"]

1. d4 d5 2. c4 c6 3. Nc3 Nf6 4. Nf3 dxc4 5. a4 Bf5 6. Ne5 e6 7. f3 Bb4 8. e4 Bxe4 9. fxe4 Nxe4 10. Qf3 Qxd4 11. Qxf7+ Kd8 12. Qxg7 Bxc3+ 13. bxc3 Qxc3+ 14. Ke2 Re8 15. Nf7+ Kd7 16. Ne5+ Kc8 17. Rb1 Qc2+ 18. Ke3 Qxb1 19. Bxc4 Nd6 20. Rf1 Qe4+ 21. Kd2 Nxc4+ 22. Nxc4 Qxc4 23. Rf8 Qd5+ 24. Ke1 Rxf8 25. Qxf8+ Kc7 26. Bf4+ e5 27. Qe7+ Nd7 28. Bg3 Qe4+ 29. Kd1 Rf8 30. Bxe5+ Qxe5 0-1


[Site "https://www.chess.com"]

[Event "Titled Tuesday Blitz February 22 Early 2022"]
[White "Wartiovaara, Oliver"]
[Black "Necula, Iulian"]
[WhiteFideId "513024"]
[BlackFideId "1232380"]
[WhiteElo "1971"]
[BlackElo "1776"]
[Result "0-1"]
[Round "11"]
[TimeControl "180+1"]
[Date "2022.02.22"]
[WhiteClock "0:00:02"]
[BlackClock "0:00:19"]

1. e4 g6 2. d4 c6 3. Nf3 d5 4. Nbd2 dxe4 5. Nxe4 Nf6 6. Nxf6+ exf6 7. h3 Bg7 8. Bd3 O-O 9. O-O Nd7 10. Re1 Re8 11. Bf4 Nf8 12. c3 Rxe1+ 13. Qxe1 Be6 14. Nd2 Rc8 15. Bc4 c5 16. dxc5 Rxc5 17. Qe2 Bxc4 18. Nxc4 Ne6 19. Be3 Rb5 20. Rd1 Qb8 21. Rd7 b6 22. Nd6 Rd5 23. Bf4 Nxf4 24. Qe7 Qf8 25. Rd8 Qxd8 26. Qxd8+ Bf8 27. Qxf6 Ne2+ 28. Kf1 Rxd6 29. Qf3 Nc1 30. a4 a5 31. g3 Nb3 32. Kg2 Nc5 33. b4 Nxa4 34. bxa5 bxa5 35. Qe4 Nb6 36. c4 Re6 37. Qd4 a4 38. c5 a3 39. cxb6 a2 40. Qb2 Rxb6 41. Qxa2 Re6 42. Qe2 Rxe2 43. Kf3 0-1


[Site "https://www.chess.com"]

[Event "Titled Tuesday Blitz February 22 Early 2022"]
[White "Winkels, Marcel"]
[Black "Shevtchenko, Olesya"]
[WhiteFideId "1003887"]
[BlackFideId "24131890"]
[WhiteElo "1900"]
[BlackElo "2003"]
[Result "1/2-1/2"]
[Round "11"]
[TimeControl "180+1"]
[Date "2022.02.22"]
[WhiteClock "0:01:09"]
[BlackClock "0:01:22"]

1. e4 c5 2. Nc3 Nc6 3. f4 e6 4. Nf3 d5 5. d3 Nf6 6. e5 Nd7 7. Be2 f6 8. exf6 Qxf6 9. O-O Bd6 10. g3 O-O 11. Ng5 h6 12. Nf3 b6 13. Bd2 Bb7 14. Qe1 Rae8 15. Qf2 Nb4 16. Rac1 e5 17. fxe5 Nxe5 18. a3 Na6 19. Qg2 Nc7 20. Nxe5 Qxe5 21. Rxf8+ Rxf8 22. Bf3 Qf5 23. Rf1 Be5 24. Bxd5+ Bxd5 25. Rxf5 Rxf5 26. Nxd5 Bd4+ 27. Kh1 Nxd5 28. h3 Nf6 29. Bf4 g5 30. Bd6 Bxb2 31. a4 Bd4 32. Qa8+ Kf7 33. Qxa7+ Ke6 34. Qe7+ Kd5 35. Bb8 Rf1+ 36. Kg2 Rf2+ 37. Kh1 Rf1+ 38. Kg2 Rf2+ 39. Kh1 Rf1+ 1/2-1/2


[Site "https://www.chess.com"]

[Event "Titled Tuesday Blitz February 22 Early 2022"]
[White "Xu, Yuanyuan"]
[Black "Samaganova, Aleksandra"]
[WhiteFideId "8601089"]
[BlackFideId "13800221"]
[WhiteElo "2281"]
[BlackElo "1859"]
[Result "1-0"]
[Round "11"]
[TimeControl "180+1"]
[Date "2022.02.22"]
[WhiteClock "0:00:39"]
[BlackClock "0:00:01"]

1. e4 c5 2. Nf3 e6 3. Nc3 a6 4. g3 b5 5. Bg2 Bb7 6. d4 cxd4 7. Nxd4 Qc7 8. O-O Nc6 9. Re1 Bc5 10. Nd5 Qd8 11. Nf5 exf5 12. exf5+ Kf8 13. f6 Nxf6 14. Bg5 h6 15. Bxf6 gxf6 16. Qh5 Ne5 17. Rxe5 fxe5 18. Qxe5 Rg8 19. Nf6 Rg5 20. Nh7+ Kg8 21. Nxg5 Bxg2 22. Nxf7 Kxf7 23. Kxg2 d6 24. Qd5+ Kg7 25. Re1 Ra7 26. Re4 Kh7 27. Qf5+ Kh8 28. Rh4 Rh7 29. Qg6 Qg8 30. Qe4 Qg7 31. Rg4 Qf7 32. Qa8+ 1-0


[Site "https://www.chess.com"]

[Event "Titled Tuesday Blitz February 22 Early 2022"]
[White "Yushko, Olga"]
[Black "Golubenko, Valentina"]
[WhiteFideId "14114500"]
[BlackFideId "4501993"]
[WhiteElo "2028"]
[BlackElo "2164"]
[Result "1-0"]
[Round "11"]
[TimeControl "180+1"]
[Date "2022.02.22"]
[WhiteClock "0:00:34"]
[BlackClock "0:00:05"]

1. d4 Nf6 2. c4 c5 3. d5 d6 4. Nc3 g6 5. Nf3 e6 6. e4 exd5 7. exd5 Bg7 8. Bd3 O-O 9. O-O Re8 10. Bf4 a6 11. h3 Qc7 12. Qc2 Nbd7 13. Rfe1 Ne5 14. Nxe5 dxe5 15. Bg3 Bd7 16. Rad1 Rab8 17. a4 Rbd8 18. Bf1 Bf5 19. Qb3 Nh5 20. Bh2 Nf4 21. d6 Rxd6 22. Rxd6 Qxd6 23. Bxf4 Rd8 24. Bg3 Qe7 25. Nd5 Qd6 26. Qxb7 Rd7 27. Qb6 Qxb6 28. Nxb6 Rb7 29. a5 Re7 30. Nd5 Re6 31. b4 cxb4 32. Nxb4 e4 33. Nd5 Bf8 34. Rc1 Rc6 35. c5 Rxc5 36. Rxc5 Bxc5 37. Bxa6 Be6 38. Nf6+ Kf8 39. Nxe4 Bb4 40. Bd6+ Bxd6 41. Nxd6 Ke7 42. Ne4 Kd7 43. Bb5+ Kc7 44. Nc5 Bd5 45. Nd7 Kd6 46. a6 Kc7 47. f3 h6 48. Kf2 g5 49. Ke3 f5 50. Kd4 Be6 51. Ke5 Bb3 52. Nc5 Bc2 53. a7 1-0


[Site "https://www.chess.com"]

[Event "Titled Tuesday Blitz February 22 Early 2022"]
[White "Zanette, Edgard Vinicius"]
[Black "Ianov, Viktor"]
[WhiteFideId "2109263"]
[BlackFideId "14102730"]
[WhiteElo "2182"]
[BlackElo "2215"]
[Result "0-1"]
[Round "11"]
[TimeControl "180+1"]
[Date "2022.02.22"]
[WhiteClock "0:00:09"]
[BlackClock "0:01:36"]

1. e4 d6 2. d4 Nf6 3. Nc3 c6 4. a4 Qa5 5. Bd3 e5 6. Ne2 Be7 7. O-O O-O 8. h3 Nbd7 9. Be3 Re8 10. f4 Bf8 11. f5 exd4 12. Bxd4 Ne5 13. Ng3 a6 14. Rb1 Qc7 15. Be2 b5 16. axb5 axb5 17. b3 Bb7 18. Bf2 b4 19. Na4 c5 20. Bb5 Red8 21. Re1 d5 22. exd5 Bxd5 23. Qe2 Bd6 24. Nh5 Nxh5 25. Qxh5 Bxg2 26. Be2 Bb7 27. Qg5 Qc6 28. Kf1 h6 29. Qg1 Nf3 30. Bxf3 Qxf3 31. Re3 Qxf5 32. Ke1 Qxc2 33. Rd1 Bf4 0-1


[Site "https://www.chess.com"]

[Event "Titled Tuesday Blitz February 22 Early 2022"]
[White "Zheenbekov, Nurgazy"]
[Black "Nithyalakshmi, Sivanesan"]
[WhiteFideId "13800485"]
[BlackFideId "5706955"]
[WhiteElo "1959"]
[BlackElo "1815"]
[Result "1-0"]
[Round "11"]
[TimeControl "180+1"]
[Date "2022.02.22"]
[WhiteClock "0:01:39"]
[BlackClock "0:00:02"]

1. e4 e5 2. Nf3 Nc6 3. Bb5 a6 4. Ba4 Nf6 5. O-O b5 6. Bb3 Be7 7. d4 exd4 8. e5 Ne4 9. Nxd4 Nxd4 10. Qxd4 Nc5 11. Bxf7+ Kxf7 12. Qd5+ Ne6 13. Qxa8 c6 14. Be3 Qc7 15. Nc3 Qxe5 16. Rae1 Bd6 17. f4 Qh5 18. Ne4 Bc7 19. Qa7 Re8 20. Ng5+ Kg8 21. Nxe6 Rxe6 22. Qxc7 Qe8 23. Bf2 d5 24. Rxe6 Bxe6 25. Re1 Qg6 26. Qd8+ Kf7 27. Bc5 Qf5 28. Qe7+ Kg6 29. Qxe6+ 1-0


[Site "https://www.chess.com"]

[Event "Titled Tuesday Blitz February 22 Early 2022"]
[White "wisdomboy"]
[Black "Putri, Regita Desyari"]
[BlackFideId "7109083"]
[WhiteElo "2438"]
[BlackElo "1930"]
[Result "0-1"]
[Round "11"]
[TimeControl "180+1"]
[Date "2022.02.22"]
[WhiteClock "0:00:02"]
[BlackClock "0:00:02"]

1. d4 Nf6 2. c4 e6 3. Nf3 b6 4. g3 Ba6 5. Qc2 Bb4+ 6. Nbd2 O-O 7. Bg2 d5 8. O-O c6 9. b3 Bd6 10. Bb2 Bb7 11. e4 dxe4 12. Nxe4 Nxe4 13. Qxe4 Qe7 14. Ne5 f6 15. Nd3 Na6 16. Rfe1 Rfe8 17. Nf4 Bxf4 18. Qxf4 c5 19. d5 e5 20. Qe4 Qd7 21. Rad1 Rad8 22. Qh4 Qd6 23. Bh3 Bc8 24. Bxc8 Rxc8 25. Qg4 Nb4 26. Re2 Rc7 27. a3 Na6 28. f4 Rce7 29. fxe5 fxe5 30. Rde1 Nb8 31. Bc3 Nd7 32. Qg5 Qf6 33. Qe3 Qd6 34. Rf2 Nf6 35. Rf5 Nd7 36. Ref1 h6 37. Qf2 Qg6 38. Qe2 Qd6 39. Re1 a5 40. a4 Qg6 41. Rf3 e4 42. Rf4 e3 43. Qf3 Qd3 44. Rc1 Ne5 45. Bxe5 Rxe5 46. Rf1 Qd2 47. Rf8+ Rxf8 48. Qxf8+ Kh7 49. Rf7 Rg5 50. Qe7 e2 51. Qe4+ Rg6 52. Re7 Qd1+ 53. Kf2 Qf1+ 54. Ke3 e1=Q# 0-1